[Event "Early Titled Tuesday Blitz | February 8 2022"]
[White "Khamzin, Olzhas"]
[Black "Stanisz, Patryk"]
[WhiteFideId "13701690"]
[BlackFideId "1123106"]
[WhiteElo "2194"]
[BlackElo "1876"]
[Result "1-0"]
[Round "03"]
[TimeControl "180+1"]
[Date "2022.02.08"]
[WhiteClock "0:00:24"]
[BlackClock "0:00:07"]

1. d4 Nf6 2. Nc3 c5 3. Bg5 cxd4 4. Qxd4 Nc6 5. Qa4 g6 6. Bxf6 exf6 7. O-O-O Bg7 8. e4 O-O 9. f4 a6 10. Nf3 b5 11. Bxb5 Rb8 12. Bxc6 Qb6 13. Qb3 dxc6 14. Qxb6 Rxb6 15. Rd6 Bg4 16. Rhd1 Bh6 17. Ne2 Rfb8 18. b3 Bf8 19. Rxf6 Kg7 20. e5 a5 21. Nc3 Rb4 22. a3 R4b6 23. Kb2 Be7 24. Ne4 a4 25. Nfg5 axb3 26. Rxf7+ Kg8 27. Rxe7 bxc2+ 28. Kxc2 Bxd1+ 29. Kxd1 Rb1+ 30. Ke2 R1b2+ 31. Kf1 Rb1+ 32. Kf2 R1b2+ 33. Kg3 R2b7 34. Nf6+ Kf8 35. Rxh7 Rxh7 36. Ngxh7+ Kg7 37. Ng5 Ra8 38. Ne6+ Kf7 39. Nd4 c5 40. Nb5 Ra5 41. Nd6+ Ke6 42. Kg4 Rxa3 43. Kg5 Ra4 44. g4 c4 45. Nfe4 Kd5 46. Nc3+ Ke6 47. Nxa4 Ke7 48. f5 c3 49. Nxc3 gxf5 50. Nd5+ Kf8 51. gxf5 Kg7 52. e6 Kf8 53. e7+ Kg7 54. f6+ Kh7 55. f7 Kg7 56. f8=Q+ Kh7 57. Nf6# 1-0


[Site "https://www.chess.com"]

[Event "Early Titled Tuesday Blitz | February 8 2022"]
[White "Khoroshev, Nikita"]
[Black "Bortnyk, Olexandr"]
[WhiteFideId "14200287"]
[BlackFideId "14120828"]
[WhiteElo "2354"]
[BlackElo "2723"]
[Result "0-1"]
[Round "03"]
[TimeControl "180+1"]
[Date "2022.02.08"]
[WhiteClock "0:00:09"]
[BlackClock "0:00:14"]

1. e4 Nf6 2. Nc3 d5 3. e5 Nfd7 4. f4 c5 5. Nf3 Nc6 6. g3 e6 7. Bg2 Be7 8. O-O O-O 9. d3 f6 10. exf6 Bxf6 11. Re1 Re8 12. Ng5 Nf8 13. Bd2 Bd7 14. Kh1 Nd4 15. Nf3 Nxf3 16. Qxf3 Bc6 17. Qg4 b5 18. a3 a5 19. Rab1 b4 20. Nd1 Qd7 21. Nf2 Bd4 22. Nh3 Rab8 23. axb4 axb4 24. Ng5 Bf6 25. Nf3 Ng6 26. h4 d4 27. h5 Ne7 28. Rxe6 Bd5 29. f5 Bxe6 30. fxe6 Qd5 31. Re1 Qf5 32. Qxf5 Nxf5 33. g4 Ne3 34. g5 Nxg2 35. Kxg2 Be7 36. Bf4 Rb6 37. Re4 Ra8 38. h6 Ra2 39. Kg3 Rxb2 40. hxg7 Rxc2 41. Ne5 Rxe6 42. Ng4 Rxe4 43. dxe4 Kxg7 44. Be5+ Kg6 45. Bf6 Bxf6 46. gxf6 Re2 47. e5 b3 48. Kf3 Re1 0-1


[Site "https://www.chess.com"]

[Event "Early Titled Tuesday Blitz | February 8 2022"]
[White "Khripachenko, Alexander"]
[Black "Lopez Del Alamo, Antonio"]
[WhiteFideId "54184975"]
[BlackFideId "2227339"]
[WhiteElo "2177"]
[BlackElo "2082"]
[Result "1-0"]
[Round "03"]
[TimeControl "180+1"]
[Date "2022.02.08"]
[WhiteClock "0:02:39"]
[BlackClock "0:01:16"]

1. d4 Nf6 2. c4 g6 3. Nc3 Bg7 4. e4 d6 5. f3 O-O 6. Bg5 c5 7. d5 a6 8. Qd2 b6 9. Bd3 h6 10. Bxh6 e6 11. Bxg7 Kxg7 12. Nge2 e5 13. O-O-O b5 14. Rdf1 b4 15. Nd1 a5 16. h4 Rh8 17. g4 a4 18. Ng3 a3 19. b3 Kf8 20. h5 Ke7 21. hxg6 fxg6 22. Qg5 Nd7 23. Qxg6 1-0


[Site "https://www.chess.com"]

[Event "Early Titled Tuesday Blitz | February 8 2022"]
[White "Khumalo, Keith"]
[Black "Kopylov, Alexander A."]
[WhiteFideId "14319470"]
[BlackFideId "4164857"]
[WhiteElo "1992"]
[BlackElo "2436"]
[Result "0-1"]
[Round "03"]
[TimeControl "180+1"]
[Date "2022.02.08"]
[WhiteClock "0:02:22"]
[BlackClock "0:02:37"]

1. d4 Nf6 2. c4 d6 3. Nc3 e5 4. d5 c6 5. e4 Be7 6. Bd3 a6 7. Nge2 cxd5 8. cxd5 b5 9. a3 Nbd7 10. b4 Nb6 11. O-O Bd7 12. h3 O-O 13. f4 Rc8 14. fxe5 dxe5 15. Kh1 Ne8 16. a4 Nc4 17. axb5 axb5 18. Ra7 Bxb4 19. Qb3 Bc5 20. Ra1 Ned6 21. Ng3 Qh4 22. Nce2 Bxh3 23. gxh3 Qxh3# 0-1


[Site "https://www.chess.com"]

[Event "Early Titled Tuesday Blitz | February 8 2022"]
[White "Komissarov, Alexey"]
[Black "Mirzanurov, Bulat"]
[WhiteFideId "4176545"]
[BlackFideId "4184521"]
[WhiteElo "2216"]
[BlackElo "2116"]
[Result "0-1"]
[Round "03"]
[TimeControl "180+1"]
[Date "2022.02.08"]
[WhiteClock "0:00:02"]
[BlackClock "0:00:20"]

1. e4 c5 2. a3 d6 3. b4 Nf6 4. Nc3 e5 5. Bc4 a6 6. d3 b5 7. Bb3 Bb7 8. f4 Nbd7 9. Nf3 Qc7 10. Ng5 c4 11. dxc4 bxc4 12. Ba4 h6 13. Nf3 Nxe4 14. Nxe4 Bxe4 15. fxe5 dxe5 16. O-O Bd6 17. Qe2 Bxf3 18. Qxf3 O-O 19. Qg4 Rad8 20. Bxh6 g6 21. Bxf8 Nxf8 22. Rad1 Qb6+ 23. Kh1 Qc7 24. Qe4 Kg7 25. Qc6 Qe7 0-1


[Site "https://www.chess.com"]

[Event "Early Titled Tuesday Blitz | February 8 2022"]
[White "Kornyukov, Alexey"]
[Black "Maurizzi, Marc`Andria"]
[WhiteFideId "4150457"]
[BlackFideId "36083534"]
[WhiteElo "2303"]
[BlackElo "2186"]
[Result "0-1"]
[Round "03"]
[TimeControl "180+1"]
[Date "2022.02.08"]
[WhiteClock "0:00:23"]
[BlackClock "0:00:16"]

1. e4 e6 2. d4 d5 3. Nc3 Nf6 4. Bg5 dxe4 5. Nxe4 Be7 6. Nxf6+ Bxf6 7. Bxf6 Qxf6 8. Nf3 O-O 9. Bd3 c5 10. dxc5 Qxb2 11. O-O Nd7 12. c6 bxc6 13. Be4 Qc3 14. Qd6 Nc5 15. Bxc6 Bb7 16. Bxb7 Nxb7 17. Qg3 Nc5 18. Qh3 Rac8 19. g4 Qxc2 20. g5 Ne4 21. Qg4 f5 22. gxf6 Rxf6 23. Nd4 Nxf2 24. Qxe6+ Rxe6 25. Nxc2 Nh3+ 26. Kg2 Rxc2+ 27. Kxh3 Re3+ 28. Kg4 Rc4+ 29. Kf5 g6+ 30. Kg5 Kg7 31. Rf5 h6# 0-1


[Site "https://www.chess.com"]

[Event "Early Titled Tuesday Blitz | February 8 2022"]
[White "Kouskoutis, Georgios-Alexandros"]
[Black "Oro, Luis"]
[WhiteFideId "4234049"]
[BlackFideId "104094"]
[WhiteElo "2130"]
[BlackElo "2263"]
[Result "1-0"]
[Round "03"]
[TimeControl "180+1"]
[Date "2022.02.08"]
[WhiteClock "0:00:08"]
[BlackClock "0:00:05"]

1. c4 Nf6 2. g3 g6 3. Bg2 Bg7 4. Nc3 O-O 5. e4 d6 6. Nge2 Nc6 7. O-O e5 8. h3 Re8 9. d3 Ne7 10. Kh2 h6 11. f4 Nh7 12. g4 f5 13. gxf5 gxf5 14. Ng3 Rf8 15. exf5 Nxf5 16. Nxf5 Rxf5 17. Be4 Rf7 18. Bd5 Qh4 19. Qf3 exf4 20. Bxf7+ Kxf7 21. Qxf4+ Qxf4+ 22. Bxf4 Kg8 23. Rae1 Bf5 24. Re7 Bf6 25. Nd5 Bxe7 26. Nxe7+ Kf7 27. Nxf5 Kg6 28. Ne7+ Kg7 29. Nd5 c6 30. Nc7 Rc8 31. Bxd6 Ng5 32. Bf4 Nf7 33. Ne6+ Kg6 34. d4 Re8 35. d5 cxd5 36. cxd5 Rc8 37. Bg3 Rc2+ 38. Rf2 Rc1 39. Rd2 Kf6 40. Kg2 h5 41. Nf4 1-0


[Site "https://www.chess.com"]

[Event "Early Titled Tuesday Blitz | February 8 2022"]
[White "Kovalev, Vladislav"]
[Black "Papp, Petra"]
[WhiteFideId "13504398"]
[BlackFideId "739049"]
[WhiteElo "2530"]
[BlackElo "2259"]
[Result "1-0"]
[Round "03"]
[TimeControl "180+1"]
[Date "2022.02.08"]
[WhiteClock "0:01:56"]
[BlackClock "0:00:02"]

1. e4 c6 2. Nf3 d5 3. d3 Qc7 4. g3 e5 5. Bg2 Nf6 6. Nbd2 Bd6 7. O-O O-O 8. Qe2 Re8 9. a4 a5 10. Nh4 Na6 11. Nb3 h6 12. Re1 Bg4 13. Bf3 Bd7 14. Bd2 Nc5 15. Nxc5 Bxc5 16. Bc3 Bd6 17. Bg2 Rad8 18. Qf1 Bb4 19. Qe2 Bxc3 20. bxc3 dxe4 21. Bxe4 Nxe4 22. Qxe4 Qd6 23. c4 c5 24. Nf5 Qc6 25. Ne3 g6 26. Nd5 Bf5 27. Qe3 Kg7 28. f3 Rxd5 29. cxd5 Qxd5 30. Re2 h5 31. Rae1 h4 32. Qf2 hxg3 33. hxg3 Bd7 34. Re3 Bxa4 35. Qe2 f6 36. c4 Qd6 37. f4 Bc6 38. fxe5 fxe5 39. Rxe5 1-0


[Site "https://www.chess.com"]

[Event "Early Titled Tuesday Blitz | February 8 2022"]
[White "Kovanova, Baira"]
[Black "Niyazgulova, Marina"]
[WhiteFideId "4164083"]
[BlackFideId "24142573"]
[WhiteElo "2190"]
[BlackElo "2075"]
[Result "1/2-1/2"]
[Round "03"]
[TimeControl "180+1"]
[Date "2022.02.08"]
[WhiteClock "0:00:06"]
[BlackClock "0:00:07"]

1. e4 d5 2. exd5 Qxd5 3. Nc3 Qd6 4. d4 Nf6 5. Nf3 c6 6. g3 Bg4 7. Bg2 e6 8. O-O Nbd7 9. h3 Bxf3 10. Bxf3 Qc7 11. Qe2 Bd6 12. Ne4 Nxe4 13. Bxe4 Nf6 14. Bg2 h6 15. c4 O-O 16. c5 Be7 17. Bf4 Qd7 18. Rad1 Nd5 19. Be5 f6 20. Bf4 Rfe8 21. Be3 f5 22. Rfe1 Bf6 23. Bf3 Re7 24. Qc4 Rd8 25. b4 Kh8 26. a4 Qc7 27. Bxd5 exd5 28. Qc2 Qd7 29. Qd2 Kh7 30. Bf4 Rde8 31. Rxe7 Rxe7 32. Qd3 Re4 33. Be3 Qe6 34. Kg2 Kg8 35. b5 f4 36. gxf4 Qf5 37. Rg1 Rxf4 38. Qxf5 Rxf5 39. bxc6 bxc6 40. Rb1 Bg5 41. Rb8+ Kh7 42. Rc8 Rf6 43. Bxg5 hxg5 44. Rc7 a5 45. Ra7 Rf4 46. Rxa5 Rxd4 47. Ra6 Rc4 48. Rxc6 Rxa4 49. Rd6 d4 50. Kf3 Rc4 51. Rd5 Rc3+ 52. Kg4 d3 53. Kxg5 Rc2 54. Rxd3 Rxc5+ 55. Kg4 Rc4+ 56. f4 Rc5 57. f5 Rc4+ 58. Kg5 Rc1 59. Rd7 Rg1+ 60. Kh5 Kg8 61. h4 Rg2 62. Rd4 Rf2 63. Kg5 Rg2+ 64. Rg4 Ra2 65. h5 Kf7 66. Rb4 Rg2+ 67. Kf4 Rf2+ 68. Ke5 Re2+ 69. Re4 Rh2 70. Ra4 Rxh5 71. Ra7+ Kf8 72. Ke6 Rh6+ 73. Ke5 Rb6 74. Ra8+ Kf7 75. Ra7+ Kf8 76. Ra8+ Kf7 77. Ra7+ Kf8 1/2-1/2


[Site "https://www.chess.com"]

[Event "Early Titled Tuesday Blitz | February 8 2022"]
[White "Kravtsiv, Martyn"]
[Black "Seo, Jung Min"]
[WhiteFideId "14113147"]
[BlackFideId "1734687"]
[WhiteElo "2694"]
[BlackElo "2401"]
[Result "0-1"]
[Round "03"]
[TimeControl "180+1"]
[Date "2022.02.08"]
[WhiteClock "0:00:02"]
[BlackClock "0:00:34"]

1. e4 e5 2. Nf3 Nf6 3. Nc3 Nc6 4. a4 Bb4 5. Bd3 O-O 6. O-O Re8 7. Re1 a6 8. Nd5 Bf8 9. Bc4 d6 10. Ng5 Be6 11. Nxe6 fxe6 12. Nxf6+ Qxf6 13. d3 Ne7 14. Qe2 Ng6 15. g3 c6 16. Bd2 d5 17. Bb3 Bd6 18. Kg2 Nf8 19. c4 dxc4 20. Bxc4 a5 21. Rf1 Nd7 22. f4 exf4 23. gxf4 Kh8 24. e5 Qg6+ 25. Kh1 Bb4 26. Be3 Bc5 27. d4 Bb4 28. Bd3 Qf7 29. Rf3 g6 30. Rg1 Rg8 31. Rh3 Rg7 32. Qg4 Rag8 33. Bf2 Nb6 34. Bh4 Be7 35. Be4 Nd5 36. Bxd5 cxd5 37. Bxe7 Qxe7 38. Rc1 Rf8 39. Rf3 Rgf7 40. Rc5 g5 41. Rxa5 Rxf4 42. Rxf4 Rxf4 43. Ra8+ Kg7 0-1


[Site "https://www.chess.com"]

[Event "Early Titled Tuesday Blitz | February 8 2022"]
[White "Krzywda, Andrzej"]
[Black "Blokhin, Sofia"]
[WhiteFideId "1114565"]
[BlackFideId "4508190"]
[WhiteElo "2098"]
[BlackElo "1762"]
[Result "1-0"]
[Round "03"]
[TimeControl "180+1"]
[Date "2022.02.08"]
[WhiteClock "0:01:38"]
[BlackClock "0:00:16"]

1. e4 c5 2. Nf3 e6 3. d4 cxd4 4. Nxd4 a6 5. Nc3 Qc7 6. Be3 Nf6 7. g4 Bb4 8. Bd3 d5 9. exd5 Nxd5 10. Bd2 Qe5+ 11. Nde2 Nxc3 12. bxc3 Bc5 13. Bf4 Qd5 14. O-O b5 15. Ng3 Bb7 16. Be4 Qxd1 17. Rfxd1 Bxe4 18. Nxe4 Be7 19. a4 bxa4 20. Rxa4 O-O 21. Kf1 Nc6 22. Rd7 Rfd8 23. Rc7 Rac8 24. Rxa6 Nb8 25. Rxc8 Rxc8 26. Ra8 1-0


[Site "https://www.chess.com"]

[Event "Early Titled Tuesday Blitz | February 8 2022"]
[White "Kucuksari, Kaan"]
[Black "Narayanan.S.L"]
[WhiteFideId "6380166"]
[BlackFideId "5058422"]
[WhiteElo "2305"]
[BlackElo "2494"]
[Result "0-1"]
[Round "03"]
[TimeControl "180+1"]
[Date "2022.02.08"]
[WhiteClock "0:00:03"]
[BlackClock "0:00:36"]

1. d4 d5 2. Nf3 Nf6 3. c4 c6 4. Qc2 g6 5. Bf4 Bg7 6. e3 O-O 7. Nc3 Be6 8. c5 Nbd7 9. h3 Bf5 10. Bd3 Bxd3 11. Qxd3 Re8 12. O-O Nh5 13. b4 e5 14. Bxe5 Nxe5 15. Nxe5 Bxe5 16. dxe5 Rxe5 17. Ne2 a6 18. Nd4 Qe7 19. a4 Rc8 20. Rfc1 Nf6 21. b5 axb5 22. axb5 Ne4 23. bxc6 bxc6 24. Qa6 Qd7 25. Qa7 Qe8 26. Qb7 Re7 27. Qb6 Nd2 28. Ra6 Nc4 29. Qb3 h5 30. Rca1 Kh7 31. Ra7 Rcc7 32. Ra8 Rc8 33. R8a7 Rec7 34. R1a6 Rb8 35. Qd3 Rxa7 36. Rxa7 Rb2 37. Ne2 Rd2 38. Qc3 Rxe2 39. Qf6 Re1+ 40. Kh2 Qb8+ 41. f4 Qxa7 42. f5 Qc7+ 43. g3 Re2+ 44. Kh1 Rxe3 45. fxg6+ fxg6 46. Qg5 Rxg3 47. Qxh5+ gxh5 0-1


[Site "https://www.chess.com"]

[Event "Early Titled Tuesday Blitz | February 8 2022"]
[White "Kuzmin, Roman"]
[Black "De Souza, Cristiano Gomes"]
[WhiteFideId "44134932"]
[BlackFideId "2151758"]
[WhiteElo "1978"]
[BlackElo "2068"]
[Result "1-0"]
[Round "03"]
[TimeControl "180+1"]
[Date "2022.02.08"]
[WhiteClock "0:00:35"]
[BlackClock "0:00:16"]

1. e4 c5 2. Nf3 d6 3. d4 cxd4 4. Nxd4 Nf6 5. Nc3 a6 6. Be2 e5 7. Nb3 Be6 8. f4 exf4 9. Bxf4 Nc6 10. Qd2 Be7 11. O-O-O Ne5 12. Nd4 Bc4 13. Bxe5 dxe5 14. Bxc4 exd4 15. Qxd4 Qxd4 16. Rxd4 O-O 17. e5 Bc5 18. Rdd1 Ng4 19. Rde1 Rae8 20. e6 Be3+ 21. Kb1 fxe6 22. Nd1 Nf2 23. Nxf2 Bxf2 24. Rxe6 Rxe6 25. Bxe6+ Kh8 26. Bg4 Re8 27. Bf3 b6 28. b4 g6 29. Kb2 Kg7 30. Rd1 Re6 31. Rd7+ Kh6 32. Kb3 Bg1 33. h3 Bh2 34. Bd5 Rd6 35. Rxd6 Bxd6 36. c4 Kg5 37. Bg8 h5 38. Bd5 Kf4 39. Bb7 a5 40. bxa5 bxa5 41. Ka4 Bc7 42. Kb5 Ke5 43. Bc6 Kd4 44. Be8 a4 45. Bxg6 a3 46. Bxh5 Kc3 47. Bf7 Kb2 48. c5 1-0


[Site "https://www.chess.com"]

[Event "Early Titled Tuesday Blitz | February 8 2022"]
[White "Lagunov, Evgenij"]
[Black "Varney, Zoe"]
[WhiteFideId "4125363"]
[BlackFideId "436135"]
[WhiteElo "2200"]
[BlackElo "1808"]
[Result "0-1"]
[Round "03"]
[TimeControl "180+1"]
[Date "2022.02.08"]
[WhiteClock "0:00:01"]
[BlackClock "0:00:04"]

1. e4 e5 2. Nf3 Nc6 3. Bc4 Nf6 4. d3 Bc5 5. O-O a6 6. c3 d6 7. h3 Ba7 8. Bg5 h6 9. Bh4 g5 10. Nxg5 hxg5 11. Bxg5 Rg8 12. h4 Be6 13. Qf3 Rg6 14. Nd2 Qe7 15. Bd5 O-O-O 16. Nc4 Rdg8 17. Ne3 Nb8 18. Nf5 Bxf5 19. exf5 R6g7 20. Bxb7+ Kd8 21. d4 Nbd7 22. Rfe1 Rxg5 23. hxg5 Rxg5 24. Bxa6 e4 25. Qf4 Nd5 26. Qxe4 Qxe4 27. Rxe4 N7f6 28. Rh4 Nh5 29. g3 Ndf4 30. Kf1 Nd5 31. Re1 Kd7 32. g4 Ng7 33. f3 Nf6 34. Rh8 Nge8 35. Bb5+ c6 36. Bc4 d5 37. Bb3 Bb8 38. Ba4 Bg3 39. Re2 Bf4 40. Kg2 Bd6 41. Rf8 Bxf8 42. Bc2 Bd6 43. Kh3 Rg8 0-1


[Site "https://www.chess.com"]

[Event "Early Titled Tuesday Blitz | February 8 2022"]
[White "Lashkin, Jegor"]
[Black "Viani Antonio Dcunha"]
[WhiteFideId "13907808"]
[BlackFideId "5027330"]
[WhiteElo "2869"]
[BlackElo "2661"]
[Result "1-0"]
[Round "03"]
[TimeControl "180+1"]
[Date "2022.02.08"]
[WhiteClock "0:00:09"]
[BlackClock "0:00:14"]

1. Nf3 Nf6 2. b3 g6 3. Bb2 Bg7 4. c4 O-O 5. e3 d6 6. d4 Nbd7 7. Be2 e5 8. dxe5 Ng4 9. O-O Ngxe5 10. Nc3 Re8 11. Nd4 a5 12. Qd2 Nc5 13. Rac1 Bd7 14. Rfd1 a4 15. b4 a3 16. Ba1 Na4 17. Nd5 c6 18. Nf4 Qc7 19. Nb3 Bf5 20. Nd4 Bd7 21. h3 c5 22. Nb5 Bxb5 23. cxb5 Nb2 24. Nd5 Qd8 25. Rf1 cxb4 26. Nxb4 Qa5 27. Rc2 Rac8 28. Rfc1 Rxc2 29. Rxc2 d5 30. Nxd5 Qxd2 31. Rxd2 Kf8 32. Kf1 Rd8 33. e4 Rc8 34. f4 Rc1+ 35. Kf2 Nd7 36. Nb4 Nc5 37. Rc2 Nxe4+ 38. Ke3 Rxa1 39. Kxe4 Rb1 40. Nd5 Bh6 41. g4 f5+ 42. gxf5 gxf5+ 43. Kxf5 Ke8 44. Ke6 Kd8 45. Ne7 Nc4 46. Rxc4 1-0


[Site "https://www.chess.com"]

[Event "Early Titled Tuesday Blitz | February 8 2022"]
[White "Le, Tuan Minh"]
[Black "Seemann, Jakub"]
[WhiteFideId "12401153"]
[BlackFideId "21874697"]
[WhiteElo "2450"]
[BlackElo "2003"]
[Result "1-0"]
[Round "03"]
[TimeControl "180+1"]
[Date "2022.02.08"]
[WhiteClock "0:01:50"]
[BlackClock "0:00:01"]

1. d4 d5 2. Nf3 c6 3. Bf4 Nf6 4. e3 g6 5. c4 Bg7 6. Nc3 O-O 7. h3 Be6 8. Qb3 b6 9. Be2 a5 10. Ng5 Bf5 11. cxd5 cxd5 12. O-O h6 13. Nf3 Ne4 14. Rac1 Nxc3 15. Rxc3 a4 16. Qb4 Nd7 17. Rfc1 g5 18. Bc7 Qe8 19. Bb5 Ra7 20. Bg3 Qa8 21. Bc6 Qd8 22. Bxa4 Qa8 23. Bc6 Qd8 24. a4 Nf6 25. Nd2 Ne4 26. Nxe4 Bxe4 27. Bb5 e5 28. Bxe5 Bxe5 29. dxe5 g4 30. hxg4 Qh4 31. Rc8 Rxc8 32. Rxc8+ Kh7 33. Qf8 Qg5 34. Qh8+ 1-0


[Site "https://www.chess.com"]

[Event "Early Titled Tuesday Blitz | February 8 2022"]
[White "Lenderman, Aleksandr"]
[Black "Martinovici, Ilia"]
[WhiteFideId "2021285"]
[BlackFideId "13907034"]
[WhiteElo "2651"]
[BlackElo "2303"]
[Result "0-1"]
[Round "03"]
[TimeControl "180+1"]
[Date "2022.02.08"]
[WhiteClock "0:01:54"]
[BlackClock "0:01:00"]

1. b3 Nf6 2. Bb2 e6 3. Nf3 d5 4. e3 c5 5. c4 Nc6 6. cxd5 exd5 7. Bb5 Qb6 8. Nc3 Bg4 9. h3 Bh5 10. g4 Bg6 11. g5 Ne4 12. Nxd5 Qd8 13. Nf4 Nxg5 14. Nxg5 Qxg5 15. Qf3 Rc8 16. h4 Qf5 17. h5 Qe4 18. Qh3 Bf5 19. d3 Qb4+ 0-1


[Site "https://www.chess.com"]

[Event "Early Titled Tuesday Blitz | February 8 2022"]
[White "Liyanage, Ranindu Dilshan"]
[Black "Kiolbasa, Oliwia"]
[WhiteFideId "9915834"]
[BlackFideId "1154613"]
[WhiteElo "1858"]
[BlackElo "2190"]
[Result "1-0"]
[Round "03"]
[TimeControl "180+1"]
[Date "2022.02.08"]
[WhiteClock "0:00:06"]
[BlackClock "0:00:01"]

1. e4 e5 2. Nf3 Nc6 3. Bc4 Bc5 4. c3 Nf6 5. d4 exd4 6. e5 d5 7. Bb5 Ne4 8. cxd4 Bb6 9. Nc3 O-O 10. Be3 Bg4 11. h3 Bh5 12. Qc2 Nxc3 13. bxc3 f6 14. exf6 Qxf6 15. Be2 Rae8 16. O-O Nd8 17. Rfe1 Ne6 18. Ne5 Bxe2 19. Nd7 Qf5 20. Qxf5 Rxf5 21. Rxe2 Nf4 22. Rd2 Ba5 23. Rc1 Ng6 24. Nc5 Rb8 25. Rb2 Bb6 26. Nd3 Re8 27. a4 Rf7 28. Ra1 Ba5 29. Rxb7 c6 30. Rxf7 Kxf7 31. Rc1 Rb8 32. c4 dxc4 33. Rxc4 Ne7 34. Ne5+ Ke6 35. Nxc6 Rb1+ 36. Kh2 Bc7+ 37. g3 Nd5 38. Bg5 h6 39. Bd8 Bd6 40. a5 Rb2 41. Kg1 Rb1+ 42. Kg2 Rb2 43. Rc1 Ne3+ 44. Kf3 Nf5 45. Nxa7 Nxd4+ 46. Kg2 Kd5 47. Bb6 Ne2 48. Rd1+ Ke6 49. Nc6 Nxg3 50. Bd4 Ra2 51. a6 Ne4 52. a7 Ng5 53. Rb1 Ne4 54. Rb8 Bc5 55. Bxc5 Nxc5 56. a8=Q 1-0


[Site "https://www.chess.com"]

[Event "Early Titled Tuesday Blitz | February 8 2022"]
[White "Lizlov, Alexey"]
[Black "Lehtosaari, Mauri"]
[WhiteFideId "4179803"]
[BlackFideId "501999"]
[WhiteElo "2272"]
[BlackElo "2457"]
[Result "0-1"]
[Round "03"]
[TimeControl "180+1"]
[Date "2022.02.08"]
[WhiteClock "0:00:01"]
[BlackClock "0:00:06"]

1. e4 c5 2. Nf3 e6 3. c3 Nf6 4. e5 Nd5 5. d4 cxd4 6. cxd4 b6 7. Nc3 Bb7 8. Bd3 d6 9. Qe2 dxe5 10. Nxe5 a6 11. O-O Be7 12. Qh5 g6 13. Nxg6 fxg6 14. Bxg6+ Kd7 15. Bf7 Nxc3 16. bxc3 Bd5 17. Re1 Bd6 18. Bg5 Qf8 19. Re3 Nc6 20. Rae1 Nd8 21. Bxd8 Rxd8 22. Bxe6+ Bxe6 23. Rxe6 Kc7 24. Qe2 Kb7 25. c4 Qf4 26. g3 Qxd4 27. Qf3+ Kb8 28. Qc6 Qc5 29. Qa4 a5 30. Rb1 Rhf8 31. Re2 Rf7 32. Rb5 Qc7 0-1


[Site "https://www.chess.com"]

[Event "Early Titled Tuesday Blitz | February 8 2022"]
[White "Lodici, Lorenzo"]
[Black "Jeet, Jain"]
[WhiteFideId "884189"]
[BlackFideId "5073022"]
[WhiteElo "2265"]
[BlackElo "2085"]
[Result "1/2-1/2"]
[Round "03"]
[TimeControl "180+1"]
[Date "2022.02.08"]
[WhiteClock "0:01:27"]
[BlackClock "0:00:53"]

1. e4 e5 2. Nf3 Nc6 3. Bc4 Bc5 4. c3 Nf6 5. d4 exd4 6. e5 d5 7. Be2 Ne4 8. cxd4 Bb6 9. Nc3 O-O 10. Be3 Nxc3 11. bxc3 f6 12. exf6 Qxf6 13. O-O Be6 14. Qd2 h6 15. Rae1 Ne7 16. Ne5 Nf5 17. Bd3 c6 18. f4 Rac8 19. g4 Nxe3 20. Qxe3 Rce8 21. g5 hxg5 22. fxg5 Qd8 23. Rxf8+ Rxf8 24. Nxc6 Qd6 25. Qxe6+ Qxe6 26. Rxe6 bxc6 27. Rxc6 Rf3 28. Be2 Rxc3 29. Rd6 Bxd4+ 30. Kf1 Rc1+ 31. Kg2 Rg1+ 32. Kf3 Rxg5 33. Rxd5 Rxd5 34. Bc4 Kf7 35. Bxd5+ Kf6 36. Ke4 Be5 37. h3 g5 38. Bc6 a5 39. Kd5 Bc3 40. Kc4 Be1 41. Kb5 Ke5 42. Bd7 Kf4 43. Bg4 Bd2 44. Kc4 Be1 45. Kd3 Kg3 46. Ke2 Bb4 47. Ke3 Kh4 48. Ke4 Bc3 49. Kf5 Bd2 50. Ke6 Bc3 51. Kd5 Bd2 52. Kc4 Be1 53. Kb5 Bd2 54. Ka4 Be1 55. Kb3 Bd2 56. Kc2 Be1 57. Kd1 Bb4 58. Ke2 Bc3 59. Kd3 Bb4 60. Ke2 Bc3 61. Kd3 Bb4 62. Kc4 Bd2 63. Kb3 Be1 64. Ka4 Bd2 1/2-1/2


[Site "https://www.chess.com"]

[Event "Early Titled Tuesday Blitz | February 8 2022"]
[White "Lopez Gracia, Fernando"]
[Black "Jaferian, Koosha"]
[WhiteFideId "2207184"]
[BlackFideId "12507440"]
[WhiteElo "2404"]
[BlackElo "2027"]
[Result "1/2-1/2"]
[Round "03"]
[TimeControl "180+1"]
[Date "2022.02.08"]
[WhiteClock "0:00:31"]
[BlackClock "0:00:12"]

1. c4 c5 2. Nf3 Nc6 3. g3 g6 4. Bg2 Bg7 5. O-O e5 6. Nc3 d6 7. e3 Be6 8. b3 Nge7 9. Bb2 h6 10. Re1 O-O 11. a3 a5 12. Rc1 Qd7 13. Nb5 Rfd8 14. d4 exd4 15. exd4 Bg4 16. Qd2 Qf5 17. Nh4 Qf6 18. h3 Bc8 19. Re2 Nxd4 20. Nxd4 cxd4 21. Nf3 Nc6 22. Rd1 Bxh3 23. Nxd4 Nxd4 24. Bxd4 Qxd4 25. Qxd4 Bxd4 26. Rxd4 Bxg2 27. Kxg2 Rd7 28. Red2 Rad8 29. Rd5 b6 30. b4 axb4 31. axb4 Kf8 32. Rb5 Rc7 33. Rxb6 Rxc4 34. Rbxd6 Rxd6 35. Rxd6 Rxb4 36. Rd3 Kg7 37. Kf3 h5 38. Kg2 g5 39. Ra3 Kg6 40. Ra6+ f6 41. Ra3 Rc4 42. Rd3 Rb4 43. Ra3 Rb2 44. Kf3 Rc2 45. Rb3 Rc6 46. Ra3 f5 47. Rb3 Ra6 48. Rc3 Rb6 49. Ra3 Kf6 50. Re3 Re6 51. Ra3 g4+ 52. Kg2 Kg5 53. Ra8 Rg6 54. Rh8 Rh6 55. Rg8+ Kf6 56. Rf8+ Ke5 57. Re8+ Kf6 58. Rf8+ Ke6 59. Re8+ Kf7 60. Re5 Rf6 61. Ra5 Kg6 62. f3 Rb6 63. Ra2 Rb3 64. fxg4 hxg4 65. Ra8 Rb2+ 66. Kg1 Kf6 67. Ra5 Ke6 68. Kf1 Rc2 69. Kg1 Rd2 70. Kf1 Rb2 71. Kg1 Kf6 72. Kf1 Rb3 73. Kf2 Rc3 74. Rb5 Kg5 75. Rb8 Rc2+ 76. Kf1 Kf6 77. Rb5 Ke6 78. Kg1 Kd6 79. Rxf5 Ke6 80. Rf4 Ke5 81. Rxg4 Kf5 82. Rg8 Ke4 83. Rf8 Ke5 84. Rf3 Ke4 85. Rf4+ Ke5 86. Rf2 Rxf2 87. Kxf2 Kf5 88. Kf3 Kg5 89. Kf2 Kg4 90. Kg2 Kg5 91. Kh3 Kh5 92. g4+ Kg5 93. Kg3 Kg6 94. Kf3 Kg5 95. Kg3 Kg6 96. Kh4 Kh6 97. Kh3 Kg5 98. Kg3 1/2-1/2


[Site "https://www.chess.com"]

[Event "Early Titled Tuesday Blitz | February 8 2022"]
[White "Loy, Konstantin"]
[Black "Mamontova, Anastasia"]
[WhiteFideId "14122499"]
[BlackFideId "34100234"]
[WhiteElo "2084"]
[BlackElo "1933"]
[Result "1-0"]
[Round "03"]
[TimeControl "180+1"]
[Date "2022.02.08"]
[WhiteClock "0:00:07"]
[BlackClock "0:00:18"]

1. e4 c6 2. d4 d5 3. exd5 cxd5 4. c4 Nc6 5. Nc3 Nf6 6. Bg5 Be6 7. Nf3 g6 8. Qb3 dxc4 9. Bxc4 Bxc4 10. Qxc4 Rc8 11. Bxf6 exf6 12. O-O Be7 13. d5 Ne5 14. Qa4+ Qd7 15. Qxd7+ Kxd7 16. Nd4 a6 17. Rac1 Nd3 18. Rc2 Rc4 19. Nde2 Rhc8 20. Rd1 Nb4 21. Rcd2 Bd6 22. a3 Rh4 23. g3 Rh5 24. axb4 Bxb4 25. Kg2 Rc4 26. Rd4 Rxd4 27. Rxd4 Bc5 28. Rc4 b6 29. b4 Bd6 30. Rc6 Rxd5 31. Rxb6 Rd2 32. Rxa6 Bxb4 33. Ra4 Bc5 34. Ne4 Rxe2 35. Nxc5+ Kd6 36. Nd3 Re7 37. Ra6+ Kd5 38. Rxf6 Kd4 39. Rf3 f5 40. h4 Ra7 41. Nf4 Ke5 42. Re3+ Kf6 43. Re6+ Kf7 44. Rb6 Rd7 45. Nh3 Kg7 46. Rb5 Re7 47. h5 Kh6 48. hxg6 hxg6 49. Rb6 Rg7 50. Nf4 Kh7 51. Kf3 Kh6 52. Ne6 Re7 53. Nd4 Kg7 54. Rb5 Re4 55. Nxf5+ gxf5 56. Rxf5 Ra4 57. Rf4 Ra3+ 58. Kg4 Ra5 59. f3 Kg6 60. Rd4 Rg5+ 61. Kh3 Rh5+ 62. Rh4 Ra5 63. Rb4 Rh5+ 64. Kg2 Ra5 65. g4 Kg5 66. Kg3 Ra1 67. f4+ Kg6 68. Rb6+ Kf7 69. Kh4 Rh1+ 70. Kg5 Ra1 71. Rb7+ Ke6 72. f5+ Ke5 73. Re7+ Kd6 74. Re2 Rf1 75. f6 Kd7 76. Kg6 Rf4 77. g5 Kd6 78. f7 Rf3 79. Kg7 Kd7 80. f8=Q 1-0


[Site "https://www.chess.com"]